 Dungeon Crawl Stone Soup version 0.31-a0-1376-g36f0627844 (webtiles) character file.

Game seed: 1323255609999947202

1774570 EnegeticOcto the Marid (level 27, 205/205 HPs)
             Began as a Djinni Alchemist on Dec 24, 2023.
             Was the Champion of Cheibriados.
             Escaped with the Orb
             ... and 3 runes!
             The game lasted 01:43:59 (63405 turns).

EnegeticOcto the Marid (Djinni Alchemist)          Turns: 63405, Time: 01:44:00

Health: 205/205    AC: 27    Str: 22    XL:     27
Gold:   8946       EV: 51    Int: 51    God:    Cheibriados [******] SH: 21 Dex: 36

rFire   + + +        S - +3 Elemental Staff {ele, rElec rF+ rC+ AC+3}
rCold   + . .        V - +4 kite shield {rPois}
rNeg    . . .        e - +1 faerie dragon scales {Regen+ rCorr MP+4 Int+3}
rPois   ∞            W - +2 helmet {Int+3}
rElec   +            Y - +1 cloak of Starlight {*Dazzle EV+4 Stlth--}
rCorr   +            z - +2 pair of gloves
SInv    .            (boots unavailable)
Will    ++++.        d - amulet of regeneration
Stlth   +            Z - +4 ring of protection
HPRegen 2.94/turn    I - ring "Utzimauv" {rElec rC+ Will+ Int+6}
MPRegen 0.00/turn

%: no passive effects
@: flying, studying Ice Magic, very slow
A: sickness immunity, fire resistance 2, cold vulnerability 1, float, innate
caster, HP casting, extra vitality 1, frail 1, strong-willed 1, mutation
resistance 1, regeneration 1
0: Orb of Zot
}: 3/15 runes: decaying, silver, gossamer
a: Renounce Religion, Bend Time, Temporal Distortion, Slouch, Step From Time


You escaped.
You worshipped Cheibriados.
Cheibriados was exalted by your worship.
You visited 11 branches of the dungeon, and saw 51 of its levels.
You also visited: Ossuary and Ice Cave.

You collected 11787 gold pieces.
You spent 2841 gold pieces at shops.

Inventory:

Hand Weapons
 c - the +10 scimitar of the Immovable Dreams {vamp, +Blink Dex+7 Stlth-}
   (You found it on level 9 of the Dungeon)

   Dex+7:     It affects your dexterity (+7).
   +Blink:    It lets you blink.
   Stlth-:    It makes you less stealthy.
 D - a +9 scimitar of distortion
   (You took it off Maggie on level 6 of the Dungeon)
 S - the +3 Elemental Staff (weapon) {ele, rElec rF+ rC+ AC+3}
   (You acquired it on level 2 of the Lair of Beasts)

   AC+3:      It affects your AC (+3).
   rF+:       It protects you from fire.
   rC+:       It protects you from cold.
   rElec:     It insulates you from electricity.
Missiles
 t - 4 throwing nets {!f}
 R - 15 curare-tipped darts
Armour
 e - the +1 faerie dragon scales (worn) {Regen+ rCorr MP+4 Int+3}
   (You took it off the Enchantress on level 1 of the Depths)

   Int+3:     It affects your intelligence (+3).
   MP+4:      It affects your magic capacity (+4).
   Regen+:    It increases your rate of health regeneration.
   rCorr:     It protects you from acid and corrosion.
 z - a +2 pair of gloves (worn)
   (You found it on level 5 of the Dungeon)
 V - a +4 kite shield of poison resistance (worn)
   (You found it on level 3 of the Elven Halls)
 W - a +2 helmet of intelligence (worn)
   (You found it on level 2 of the Swamp)
 Y - the +1 cloak of Starlight (worn) {*Dazzle EV+4 Stlth--}
   (You found it on level 4 of the Vaults)

   *Dazzle:   It may blind those who miss an attack against the wearer in melee
   combat.
   EV+4:      It affects your evasion (+4).
   Stlth--:   It makes you much less stealthy.
Jewellery
 d - an amulet of regeneration (around neck)
   (You found it on level 2 of the Lair of Beasts)
 I - the ring "Utzimauv" (right hand) {rElec rC+ Will+ Int+6}
   (You found it on level 3 of the Crypt)

   [ring of willpower]

   Int+6:     It affects your intelligence (+6).
   rC+:       It protects you from cold.
   rElec:     It insulates you from electricity.
   Will+:     It increases your willpower.
 K - the ring of Generosity {Fly Int+3}
   (You found it on level 4 of the Realm of Zot)

   [ring of flight]

   Int+3:     It affects your intelligence (+3).
   Fly:       It grants you flight.
 N - a +5 ring of evasion
   (You found it on level 1 of the Swamp)
 Z - a +4 ring of protection (left hand)
   (You took it off a deep elf pyromancer on level 1 of the Elven Halls)
Wands
 a - a wand of charming (57)
   (You found it on level 1 of the Swamp)
 j - a wand of quicksilver (42) {@v1}
   (You found it on level 2 of the Dungeon)
 y - a wand of digging (21) {@v3}
   (You found it on level 3 of the Spider Nest)
 J - a wand of flame (208) {@v4}
   (You took it off an orc on level 8 of the Dungeon)
 P - a wand of polymorph (24)
   (You found it on level 11 of the Dungeon)
 Q - a wand of iceblast (50) {@v2}
   (You found it on level 11 of the Dungeon)
 T - a wand of mindburst (20)
   (You found it on level 1 of the Swamp)
Scrolls
 g - 18 scrolls of vulnerability
 h - 9 scrolls of poison
 i - 6 scrolls of silence {!r}
 k - 9 scrolls of immolation
 l - 35 scrolls of teleportation {@r3 !r}
 o - 10 scrolls of blinking {@r4}
 p - 4 scrolls of torment
 v - 4 scrolls of butterflies
 w - 6 scrolls of fear {!r}
 F - 6 scrolls of revelation {@r5 !r}
 G - 14 scrolls of fog {!r}
Potions
 f - 7 potions of heal wounds {@q2 !q}
 m - 15 potions of might {@q3 !q}
 n - 30 potions of curing {@q1 !q}
 q - 15 potions of attraction
 r - 8 potions of mutation
 s - 9 potions of enlightenment
 u - 8 potions of lignification {@q6}
 x - 5 potions of berserk rage
 A - 7 potions of ambrosia
 B - 7 potions of invisibility
 E - 6 potions of resistance
 M - 7 potions of brilliance
 O - 9 potions of cancellation
Miscellaneous
 b - a phantom mirror
   (You found it on level 5 of the Vaults)
 C - a lightning rod (4/4)
   (You found it on level 5 of the Lair of Beasts)
 H - a tin of tremorstones (2/2)
   (You found it on level 5 of the Lair of Beasts)
 L - a sack of spiders
   (You found it on level 4 of the Spider Nest)
 X - a phial of floods
   (You found it on level 4 of the Vaults)


   Skills:
 O Level 27 Fighting
 + Level 13.2 Armour
 O Level 27 Dodging
 - Level 5.0 Stealth
 - Level 12.0 Shields
 - Level 20.9 Spellcasting
 - Level 20.9 Conjurations
 - Level 20.9 Hexes
 - Level 20.9 Summonings
 - Level 20.9 Necromancy
 - Level 20.9 Translocations
 - Level 20.9 Fire Magic
 O Level 27 Ice Magic
 - Level 20.9 Air Magic
 - Level 20.9 Earth Magic
 - Level 20.9 Alchemy
 - Level 15.0 Invocations
 - Level 6.0 Evocations


You knew the following spells:

 Your Spells              Type           Power      Damage    Failure   Level
a - Sticky Flame          Fire/Alch      100%       2d15      0%          4
b - Summon Hydra          Summ           66%        N/A       1%          7
c - Mephitic Cloud        Conj/Alch/Air  100%       N/A       0%          3
d - Plasma Beam           Fire/Air       92%        2x1d111   0%          6
e - Sting                 Conj/Alch      100%       1d9       0%          1
f - Mercury Vapours       Alch/Air       100%       N/A       0%          2
g - Sandblast             Erth           100%       2d20      0%          1
h - Jinxbite              Hex            100%       N/A       0%          2
i - Inner Flame           Hex/Fire       100%       N/A       0%          3
j - Summon Forest         Summ/Tloc      66%        N/A       0%          5
k - Death Channel         Necr           66%        N/A       0%          6
l - Scorch                Fire           100%       2d9       0%          2
m - Olgreb's Toxic Radia  Alch           100%       N/A       0%          4
n - Spellforged Servitor  Conj/Summ      66%        N/A       1%          7
o - Infestation           Necr           66%        N/A       1%          8
p - Disjunction           Tloc           66%        N/A       1%          8
q - Shatter               Erth           79%        3d57*     11%         9
G - Silence               Hex/Air        79%        N/A       0%          5
Your spell library was empty.

Dungeon Overview and Level Annotations

Branches:
Dungeon (15/15)            Temple (1/1) D:5            Lair (5/5) D:11
  Swamp (4/4) Lair:3       Spider (4/4) Lair:2        Slime (0/5) Lair:5
    Orc (2/2) D:11            Elf (3/3) Orc:2        Vaults (5/5) D:14
  Crypt (3/3) Vaults:2       Tomb (0/3) Crypt:3      Depths (4/4) D:15
    Zot (5/5) Depths:4    Ossuary (visited)           IceCv (visited)

Altars:
Ashenzari
Cheibriados
Dithmenos
Elyvilon
Fedhas
Gozag
Hepliaklqana
Makhleb
Nemelex Xobeh
Okawaru
Qazlal
Ru
Trog
Uskayaw
Wu Jian
Xom
Yredelemnul
Zin
The Shining One
Jiyva
Lugonu

Shops:
D:4 *   D:6 !*(   D:12 !   Orc:1 [   Orc:2 (*?*   Elf:3 :(   Vaults:2 ??[
Vaults:3 :   Vaults:4 ?   Vaults:5 (   Depths:3 =!=

Portals:
Hell: Depths:1 Depths:2 Depths:3 Depths:4
Abyss: Depths:2 Depths:3 Depths:4
Pandemonium: Depths:2 Depths:3 Depths:4

Annotations:
Lair:5 1 runed translucent door, Turbonekonecno's ghost, journeyman SpEn
Elf:2 3 runed translucent doors, exclusion: door
Depths:3 exclusions: ancient lich and 3 more exclusions


Innate Abilities, Weirdness & Mutations

You are immune to sickness and miasma.
You are immune to poison.
Your flesh is very heat resistant. (rF++)
You are vulnerable to cold. (rC-)
You float through the air rather than walking.
You learn spells naturally, not from books.
Your magical power is your life essence.
You have superior vitality. (+4 MHP)
You are frail. (-10% HP)
You are strong-willed. (Will+)
You are somewhat resistant to further mutation.
Your natural rate of healing is unusually fast.


Message History

You feel a strong surge of power!
The bolt of lightning hits the Executioner!!
The Executioner resists.
The Executioner is heavily wounded.
The fiery plasma hits the Executioner!
The Executioner resists.
The Executioner is severely wounded.
The Executioner gestures.
The Executioner seems to speed up.
Casting: Plasma Beam (safe; 0% risk of failure)
Press: ? - help, Q - select action, (/) - cycle Dir - look around, f - activate You feel a strong surge of power!
The bolt of lightning hits the Executioner!
The Executioner resists.
The Executioner is severely wounded.
The fiery plasma hits the Executioner!!!
The Executioner resists.
You kill the Executioner!
Cheibriados thoroughly appreciates the change of pace.
(D) Dungeon (T) Temple (L) Lair (S) Swamp (N) Spider Nest (M) Slime Pits (O) Orcish Mines (E) Elven Halls (V) Vaults (C) Crypt (W) Tomb (U) Depths (H) Hell (Z) Zot
Where to? (Tab/Enter - D:1 @ (x,y), ? - help) HP restored.
There is a stone staircase leading up here.
You fly upwards.
A reaper comes into view.
It is wielding a +0 scythe of protection.
There is a stone staircase leading down here.
Casting: Plasma Beam (safe; 0% risk of failure)
Press: ? - help, Q - select action, (/) - cycle Dir - look around, f - activate You feel a strong surge of power!
The bolt of lightning misses the reaper.
The fiery plasma hits the reaper.
The reaper is lightly wounded.
Casting: Plasma Beam (safe; 0% risk of failure)
Press: ? - help, Q - select action, (/) - cycle Dir - look around, f - activate You feel a strong surge of power!
The bolt of lightning hits the reaper!!
The reaper is moderately wounded.
The fiery plasma hits the reaper!!!
The reaper is almost dead.
Casting: Plasma Beam (safe; 0% risk of failure)
Press: ? - help, Q - select action, (/) - cycle Dir - look around, f - activate You feel a strong surge of power!
The bolt of lightning hits the reaper!!!!
You kill the reaper!
Cheibriados appreciates the change of pace.
(D) Dungeon (T) Temple (L) Lair (S) Swamp (N) Spider Nest (M) Slime Pits (O) Orcish Mines (E) Elven Halls (V) Vaults (C) Crypt (W) Tomb (U) Depths (H) Hell (Z) Zot
Where to? (Tab/Enter - D:1 @ (x,y), ? - help) HP restored.
A lich comes into view.
The lich shouts!
Vauvuiz comes into view.
Vauvuiz calls on the powers of darkness!
Your body is wracked with pain!
A sixfirhy comes into view.
The lich mumbles some strange words.
The lich flickers and vanishes!
Deactivating autopickup; reactivate with Ctrl-A.
Press: ? - help, v - describe, . - travel
Here: Vauvuiz (fire blocked by a granite statue)
The floor.
Unknown command.
Blink to where?
Press: ? - help, Dir - move target
As you read the scroll of blinking {@r4}, it crumbles to dust.
The sixfirhy completely misses you.
The sixfirhy's sight is seared by the starlight!
Blink to where?
Press: ? - help, Dir - move target
As you read the scroll of blinking {@r4}, it crumbles to dust.
The sixfirhy completely misses you.
The sixfirhy's sight is seared by the starlight!
You block the sixfirhy's attack. The sixfirhy misses you.
You block the sixfirhy's attack. x2
Vauvuiz gestures.
Vauvuiz's surroundings become eerily quiet.
There is a stone staircase leading up here.
You block the sixfirhy's attack. The sixfirhy completely misses you.
You fly upwards.
Reactivating autopickup.
There is a stone staircase leading down here.
(D) Dungeon (T) Temple (L) Lair (S) Swamp (N) Spider Nest (M) Slime Pits (O) Orcish Mines (E) Elven Halls (V) Vaults (C) Crypt (W) Tomb (U) Depths (H) Hell (Z) Zot
Where to? (Tab/Enter - D:1 @ (x,y), ? - help)
Okay, then.
Casting: Plasma Beam (safe; 0% risk of failure)
Confirm with . or Enter, or press ? or * to list all spells.
You feel a surge of power!
The dungeon rumbles!
A door shatters!
The plant begins to die.
The plant is heavily damaged.
Ka-crash!
A nearby plant withers and dies.
There is a staircase leading out of the dungeon here.
You have escaped!

############
#:.+P≈~≈≈#@# #
#.##.P.P~#.# #
#####.##P...~#.# #
#.#.#.##~~....~# #
#.....#~.~~~~~# #
#...#.#...≈~~.#
#####......~P.~~~#
##........########
##.###......#


There were no monsters in sight!

Vanquished Creatures
  An ancient lich (Zot:5)
  6 dread liches
  Mara (Vaults:5)
  A juggernaut (Depths:4)
  Josephina (Depths:3)
  Bai Suzhen (Vaults:2)
  Parghit (Depths:3)
  5 Killer Klowns
  Saint Roka (Vaults:2)
  3 caustic shrikes
  A curse toe (Zot:5)
  the Enchantress (Depths:1)
  Nikola (Spider:3)
  Norris (Depths:3)
  9 golden dragons
  Jory (Crypt:1)
  Arachne (Spider:3)
  3 electric golems
  A hellephant (D:10)
  5 liches
  22 tentacled monstrosities
  23 Orb Guardians
  2 walking crystal tomes
  3 walking earthen tomes
  A walking divine tome (Depths:4)
  A deep elf master archer (Elf:3)
  6 titans
  An acid blob (Vaults:4)
  A walking frostbound tome (Depths:4)
  10 quicksilver dragons
  Gastronok (Orc:1)
  An ancient champion (Crypt:2)
  6 death cobs
  11 sphinxes
  An Executioner (D:3)
  5 tengu reavers
  17 shadow dragons
  A thorn hunter (Swamp:2)
  An azure jelly (Vaults:4)
  2 protean progenitors (Zot:5)
  16 storm dragons
  Donald (Swamp:1)
  2 revenants
  Kirke (Lair:3)
  14 fire giants
  4 iron dragons
  5 draconian monks
  Louise (D:15)
  2 rockslimes (Vaults:4)
  25 vault wardens
  8 emperor scorpions
  10 frost giants
  5 draconian shifters
  6 ghost moths
  5 draconian knights
  2 balrugs
  12 deep elf sorcerers
  9 ghouls
  5 draconian scorchers
  5 deep elf elementalists
  2 orc warlords
  4 draconian stormcallers
  A broodmother (Spider:4)
  5 war gargoyles
  27 ironbound preservers
  4 reapers
  A curse skull (Crypt:1)
  3 draconian annihilators
  18 stone giants
  6 ironbound thunderhulks
  4 spriggan defenders
  A juggernaut skeleton (Crypt:3)
  19 very ugly things
  2 formless jellyfish
  5 green draconians
  2 lorocyprocas
  A rockslime zombie (Crypt:1)
  10 dire elephants
  6 deep elf demonologists
  8 eleionomae
  7 vampire knights
  8 deep elf death magi
  17 yellow draconians
  5 black draconians
  7 purple draconians
  3 spark wasps
  9 red draconians
  Azrael (D:13)
  3 bunyips
  8 white draconians
  12 deep elf annihilators
  10 fire dragons
  7 green deaths
  3 blizzard demons
  5 eidola
  14 ettins
  6 entropy weavers
  4 shambling mangroves
  6 deep elf high priests
  5 great orbs of eyes
  12 yaktaur captains
  14 jiangshi
  12 ice dragons
  Fannar (D:12)
  43 vault guards
  2 peacekeepers
  Erolcha (D:13)
  A caustic shrike simulacrum (Depths:3)
  6 spriggan air magi
  11 ghost crabs
  3 spriggan skeletons
  A juggernaut simulacrum (Depths:3)
  6 alligators
  21 hydras
  4 radroaches
  4 ironbound frosthearts
  4 jorogumos
  2 catoblepae
  4 death knights
  4 dancing weapons
  An anaconda (shapeshifter) (Zot:1)
  5 boulder beetles
  2 two-headed ogres (shapeshifter)
  10 centaur warriors
  13 deep troll shamans
  4 two-headed ogres
  11 death yaks
  18 deep troll earth magi
  A demonic crawler (Spider:3)
  A thrashing horror (Swamp:4)
  5 orc high priests
  14 tengu warriors
  The ghost of joopi the Ruffian, a novice TrFi of Dithmenos (D:8)
  8 vampire magi
  2 spriggan berserkers
  17 iron trolls
  6 hell knights (Crypt:3)
  14 deep elf knights
  2 skysharks (Depths:3)
  A fire crab (shapeshifter) (Vaults:1)
  3 soul eaters
  5 goliath frogs
  8 sun demons
  Amaemon (Lair:1)
  A storm dragon skeleton (D:15)
  2 skysharks (shapeshifter) (Vaults:5)
  30 skeletal warriors
  5 flayed ghosts
  A spectral anaconda (Lair:5)
  2 sea snakes (Zot:5)
  51 deep trolls
  4 sixfirhies
  7 pharaoh ants
  A spark wasp zombie (D:15)
  A death drake (Swamp:4)
  A golden dragon zombie (Crypt:3)
  8 spriggan druids
  A deep troll (shapeshifter) (Depths:4)
  A shadow demon (Depths:2)
  2 spectral death yaks (Lair:5)
  9 swamp dragons
  4 glowing orange brains
  2 obsidian statues
  3 orb spiders
  12 bog bodies
  2 sea snakes (shapeshifter) (Depths:4)
  17 deep elf archers
  2 large abominations (Swamp:4)
  10 phantasmal warriors
  A golden dragon skeleton (Crypt:2)
  A sun moth (Spider:1)
  A bunyip skeleton (Crypt:3)
  A harpy (Vaults:1)
  11 ironbound convokers
  23 deep elf zephyrmancers
  18 necromancers
  4 steelbarb worms
  12 lindwurms
  A steelbarb worm (shapeshifter) (Depths:4)
  5 orc knights
  9 arcanists
  3 manticores
  23 wolf spiders
  9 will-o-the-wisps
  2 mana vipers (Zot:5)
  18 deep elf pyromancers
  8 orc sorcerers
  A goliath frog skeleton (Crypt:1)
  A shining eye (shapeshifter) (Depths:2)
  An oklob plant (Lair:1)
  A faun (shapeshifter) (Vaults:5)
  29 ugly things
  A cyclops (D:12)
  3 nameless horrors (Elf:2)
  A tengu skeleton (Vaults:5)
  3 shadow dragon skeletons
  A jorogumo skeleton (Crypt:2)
  10 elephants (Lair:5)
  25 vault sentinels
  2 iron dragon skeletons (Crypt:1)
  2 cyclopes (shapeshifter)
  2 salamanders (shapeshifter)
  A fire giant skeleton (Crypt:1)
  35 moths of wrath
  2 stone giant skeletons
  A frost giant skeleton (Crypt:2)
  Joseph (D:7)
  4 kobold blastminers
  A human skeleton (Vaults:5)
  4 black mambas
  2 orange demons
  A centaur zombie (Crypt:1)
  An eye of devastation (Vaults:4)
  2 ice statues
  A rust devil (Depths:1)
  3 smoke demons
  2 centaur skeletons
  A catoblepas zombie (Crypt:2)
  5 torpor snails
  2 water nymphs (shapeshifter)
  18 cane toads
  6 freezing wraiths
  An unseen horror (D:10)
  Maggie (D:6)
  10 komodo dragons
  A storm dragon simulacrum (Vaults:5)
  A tormentor (Depths:1)
  A white draconian zombie (Crypt:2)
  A hellion (Depths:2)
  An efreet (D:14)
  2 anaconda simulacra (IceCv)
  3 rime drakes
  5 tengu conjurers
  A human zombie (Vaults:5)
  A golden dragon simulacrum (D:14)
  34 yaktaurs
  6 ice devils
  3 bloated husks
  A red devil (Depths:1)
  A hellwing (Depths:1)
  3 harpy zombies
  14 trolls
  6 tyrant leeches
  16 hornets
  7 polar bears
  A merfolk (shapeshifter) (Vaults:5)
  A sun moth zombie (Crypt:1)
  6 meliai
  A harpy skeleton (Crypt:3)
  26 tarantellas
  Grinder (D:3)
  13 blink frogs
  A fire dragon zombie (Crypt:3)
  2 glass eyes (Depths:4)
  A fire giant simulacrum (Depths:3)
  2 spriggan zombies
  3 snapping turtles (shapeshifter)
  12 dream sheep
  A frost giant simulacrum (Depths:3)
  25 jumping spiders
  8 water elementals
  4 shadows
  59 slime creatures
  27 culicivoras
  A centaur simulacrum (Crypt:2)
  A vampire (D:9)
  A guardian serpent skeleton (Crypt:1)
  11 spriggans
  5 wraiths
  A ynoxinul (Depths:1)
  A spriggan (shapeshifter) (Elf:2)
  4 air elementals (Elf:1)
  6 hogs
  4 wyverns
  7 basilisks
  4 wargs
  41 yaks
  17 vampire mosquitoes
  A black mamba skeleton (Crypt:1)
  8 fire elementals
  69 redbacks
  A neqoxec (Depths:1)
  4 chaos spawn
  A death yak simulacrum (Lair:5)
  The ghost of koorschki the Insei, an amateur DsSh (D:5)
  2 steam dragons
  Menkaure (D:4)
  4 harpy simulacra
  2 spectral cane toads (Lair:5)
  A naga zombie (Crypt:3)
  18 swamp worms
  2 hydra simulacra (IceCv)
  3 hell hounds (D:13)
  4 acid dragons
  A swamp drake (Swamp:2)
  14 water moccasins
  A sky beast (D:6)
  2 naga skeletons
  An elephant zombie (Lair:5)
  A deep troll simulacrum (Vaults:5)
  19 orc warriors
  6 black bears
  3 ettin simulacra
  4 ogres
  24 laughing skulls
  2 small abominations (Swamp:4)
  10 wolves (Lair:1)
  An ogre (shapeshifter) (Elf:2)
  A boggart (Vaults:1)
  A centaur (D:9)
  2 elephant skeletons (Lair:5)
  A manticore skeleton (Crypt:2)
  2 kobold brigands
  A draconian zombie (Crypt:2)
  Blork the orc (D:4)
  10 two-headed ogre simulacra (IceCv)
  7 necrophages
  11 bullfrogs
  2 scorpions
  A gnoll sergeant (D:7)
  5 cane toad simulacra (IceCv)
  A water moccasin zombie (Crypt:2)
  3 wights (D:10)
  4 killer bees (D:7)
  3 elephant simulacra
  5 electric eels
  A bombardier beetle (D:5)
  5 jellies
  A wolf skeleton (Crypt:2)
  3 bullfrog zombies (Ossuary)
  24 orc priests
  Crazy Yiuf (D:6)
  A hound (D:7)
  2 sleepcaps
  22 orc wizards
  3 iguanas
  3 polar bear simulacra (IceCv)
  7 spriggan simulacra
  A troll simulacrum (IceCv)
  A killer bee zombie (Ossuary)
  3 wolf simulacra (IceCv)
  An ogre zombie (Crypt:1)
  3 crocodile zombies (Ossuary)
  5 hound zombies (Ossuary)
  5 mummies (Ossuary)
  9 howler monkey zombies (Ossuary)
  8 adders
  5 gnolls (D:7)
  6 naga simulacra (IceCv)
  A steam dragon zombie (Crypt:2)
  17 white imps
  10 ufetubi
  An iguana skeleton (Crypt:1)
  4 worms
  A dart slug (D:2)
  103 orcs
  11 endoplasms
  2 giant cockroaches
  7 goblins
  5 hobgoblins
  6 jackals
  14 kobolds
  5 quokkas
  4 ball pythons
  4 ball python zombies (Ossuary)
  3 bats
  A bombardier beetle zombie (Crypt:1)
  6 rats
  2 rat zombies (D:5)
  2 aspiring fleshes (Zot:5)
2401 creatures vanquished.

Vanquished Creatures (collateral kills)
  3 orbs of fire
  The ghost of Ugguttuj the Peltast, a veteran DrWn of Okawaru (Vaults:4)
  2 electric golems
  5 crystal guardians
  An ice dragon (Depths:3)
  24 dancing weapons
  An orc high priest (Elf:2)
  A deep elf knight (Elf:1)
  A sun demon (Depths:4)
  A deep elf archer (Elf:2)
  A necromancer (Crypt:3)
  A deep elf pyromancer (Elf:3)
  A deep elf zephyrmancer (Elf:2)
  A moth of wrath (Zot:2)
  A cane toad (shapeshifter) (Elf:1)
  A fire elemental (Elf:3)
  A nameless horror (Elf:1)
  4 earth elementals
  An orc priest (Elf:2)
  2 orcs (Elf:2)
54 creatures vanquished.

Vanquished Creatures (others)
  Vv (Depths:3)
  A tentacled monstrosity (Zot:1)
  An alligator (Lair:3)
  A deep elf pyromancer (Elf:1)
  A bloated husk (Swamp:2)
  An orc priest (Orc:2)
  2 orc wizards (Orc:2)
  2 orcs (Orc:2)
  2 foxfires (Swamp:1)
12 creatures vanquished.

Grand Total: 2467 creatures vanquished

Notes
Turn   | Place    | Note
-------+----------+-------------------------------------------
     0 | D:1      | EnegeticOcto the Djinni Alchemist began the quest for the
                  | Orb.
     0 | D:1      | EnegeticOcto set off with the following spells memorised:
                  | Sting, Mercury Vapours, Mephitic Cloud, Olgreb's Toxic
                  | Radiance, Sticky Flame.
     0 | D:1      | Reached XP level 1. HP: 15/15 MP: 0/0
    67 | D:1      | Reached skill level 2 in Stealth
   132 | D:1      | Reached XP level 2. HP: 20/22 MP: 0/0
   228 | D:1      | Reached skill level 1 in Fighting
   918 | D:2      | Reached XP level 3. HP: 26/27 MP: 0/0
   918 | D:2      | Learned a level 1 spell: Sandblast
  1269 | D:3      | Noticed Grinder
  1283 | D:3      | Paralysed by Grinder for 2 turns
  1287 | D:3      | Killed Grinder
  1288 | D:3      | Reached skill level 4 in Spellcasting
  1288 | D:3      | Reached skill level 4 in Conjurations
  1288 | D:3      | Reached skill level 4 in Hexes
  1288 | D:3      | Reached skill level 4 in Summonings
  1288 | D:3      | Reached skill level 4 in Necromancy
  1288 | D:3      | Reached skill level 4 in Translocations
  1288 | D:3      | Reached skill level 4 in Fire Magic
  1288 | D:3      | Reached skill level 4 in Ice Magic
  1288 | D:3      | Reached skill level 4 in Air Magic
  1288 | D:3      | Reached skill level 4 in Earth Magic
  1288 | D:3      | Reached skill level 4 in Alchemy
  1288 | D:3      | Reached skill level 2 in Fighting
  1288 | D:3      | Reached skill level 3 in Stealth
  1288 | D:3      | Reached XP level 4. HP: 21/33 MP: 0/0
  1288 | D:3      | Reached XP level 5. HP: 24/38 MP: 0/0
  1288 | D:3      | Learned a level 2 spell: Scorch
  1288 | D:3      | Reached XP level 6. HP: 28/43 MP: 0/0
  2009 | D:4      | Noticed Blork the orc
  2009 | D:4      | Noticed a black bear
  2050 | D:4      | Noticed Menkaure
  2053 | D:4      | Killed Menkaure
  2054 | D:4      | Reached skill level 5 in Spellcasting
  2054 | D:4      | Reached skill level 5 in Conjurations
  2054 | D:4      | Reached skill level 5 in Hexes
  2054 | D:4      | Reached skill level 5 in Summonings
  2054 | D:4      | Reached skill level 5 in Necromancy
  2054 | D:4      | Reached skill level 5 in Translocations
  2054 | D:4      | Reached skill level 5 in Fire Magic
  2054 | D:4      | Reached skill level 5 in Ice Magic
  2054 | D:4      | Reached skill level 5 in Air Magic
  2054 | D:4      | Reached skill level 5 in Earth Magic
  2054 | D:4      | Reached skill level 5 in Alchemy
  2054 | D:4      | Reached XP level 7. HP: 22/49 MP: 0/0
  2054 | D:4      | Learned a level 2 spell: Jinxbite
  2182 | D:4      | Killed Blork the orc
  2269 | D:4      | Found a hide-covered altar of Uskayaw.
  2401 | D:4      | Reached skill level 6 in Spellcasting
  2401 | D:4      | Reached skill level 6 in Conjurations
  2401 | D:4      | Reached skill level 6 in Hexes
  2401 | D:4      | Reached skill level 6 in Summonings
  2401 | D:4      | Reached skill level 6 in Necromancy
  2401 | D:4      | Reached skill level 6 in Translocations
  2401 | D:4      | Reached skill level 6 in Fire Magic
  2401 | D:4      | Reached skill level 6 in Ice Magic
  2401 | D:4      | Reached skill level 6 in Air Magic
  2401 | D:4      | Reached skill level 6 in Earth Magic
  2401 | D:4      | Reached skill level 6 in Alchemy
  2634 | D:4      | Reached skill level 3 in Fighting
  2663 | D:4      | Reached skill level 4 in Fighting
  2663 | D:4      | Reached XP level 8. HP: 43/58 MP: 0/0
  2722 | D:4      | Found Roriasm's CLEARANCE SALE!.
  2727 | D:4      | Bought a potion of might for 28 gold pieces
  2727 | D:4      | Bought a scroll of immolation for 28 gold pieces
  2954 | D:5      | Entered Level 5 of the Dungeon
  3117 | D:5      | Found a staircase to the Ecumenical Temple.
  3126 | Temple   | Entered the Ecumenical Temple
  3142 | Temple   | Became a worshipper of Cheibriados the Contemplative
  3184 | D:5      | Found a runed translucent gate.
  3185 | D:5      | Found a runed translucent gate.
  3608 | D:5      | Found a sand-covered staircase.
  3615 | Ossuary  | Entered an ossuary
  3787 | Ossuary  | Reached skill level 5 in Fighting
  4259 | Ossuary  | Reached * piety under Cheibriados
  4635 | Ossuary  | Reached skill level 6 in Fighting
  4892 | D:5      | Found a sparkling altar of Nemelex Xobeh.
  4909 | D:5      | Reached XP level 9. HP: 62/66 MP: 0/0
  4909 | D:5      | Learned a level 3 spell: Inner Flame
  4937 | D:5      | Reached skill level 7 in Spellcasting
  4937 | D:5      | Reached skill level 7 in Conjurations
  4937 | D:5      | Reached skill level 7 in Hexes
  4937 | D:5      | Reached skill level 7 in Summonings
  4937 | D:5      | Reached skill level 7 in Necromancy
  4937 | D:5      | Reached skill level 7 in Translocations
  4937 | D:5      | Reached skill level 7 in Fire Magic
  4937 | D:5      | Reached skill level 7 in Ice Magic
  4937 | D:5      | Reached skill level 7 in Air Magic
  4937 | D:5      | Reached skill level 7 in Earth Magic
  4937 | D:5      | Reached skill level 7 in Alchemy
  5016 | D:5      | Found a runed translucent gate.
  5017 | D:5      | Noticed koorschki's ghost (amateur DsSh)
  5025 | D:5      | Killed koorschki's ghost
  5347 | D:6      | Found Semey's Distillery.
  5350 | D:6      | Bought a potion of heal wounds for 55 gold pieces
  5350 | D:6      | Bought a potion of invisibility for 88 gold pieces
  5417 | D:6      | Reached ** piety under Cheibriados
  5566 | D:6      | Found Noxarukinaat's Antique Weapon Shoppe.
  5591 | D:6      | Noticed Maggie
  5596 | D:6      | Killed Maggie
  5597 | D:6      | Reached skill level 8 in Spellcasting
  5597 | D:6      | Reached skill level 8 in Conjurations
  5597 | D:6      | Reached skill level 8 in Hexes
  5597 | D:6      | Reached skill level 8 in Summonings
  5597 | D:6      | Reached skill level 8 in Necromancy
  5597 | D:6      | Reached skill level 8 in Translocations
  5597 | D:6      | Reached skill level 8 in Fire Magic
  5597 | D:6      | Reached skill level 8 in Ice Magic
  5597 | D:6      | Reached skill level 8 in Air Magic
  5597 | D:6      | Reached skill level 8 in Earth Magic
  5597 | D:6      | Reached skill level 8 in Alchemy
  5639 | D:6      | Found Teutaniuf's General Store.
  5642 | D:6      | Bought a scroll of identify for 30 gold pieces
  5674 | D:6      | Reached skill level 1 in Invocations
  5903 | D:6      | Reached skill level 2 in Invocations
  6038 | D:6      | Found a runed translucent door.
  6039 | D:6      | Noticed Crazy Yiuf
  6427 | D:6      | Killed Crazy Yiuf
  6492 | D:7      | Reached skill level 3 in Invocations
  6594 | D:7      | Reached *** piety under Cheibriados
  6596 | D:7      | Reached skill level 7 in Fighting
  6599 | D:7      | Noticed a troll
  6604 | D:7      | Killed a troll
  6605 | D:7      | Reached skill level 4 in Invocations
  6605 | D:7      | Reached XP level 10. HP: 49/75 MP: 0/0
  6872 | D:7      | Reached skill level 8 in Fighting
  6872 | D:7      | Reached skill level 5 in Invocations
  6876 | D:7      | Reached **** piety under Cheibriados
  7022 | D:7      | Noticed Joseph
  7032 | D:7      | Killed Joseph
  7474 | D:8      | Reached skill level 6 in Invocations
  7651 | D:8      | Noticed a centaur warrior
  7655 | D:8      | Killed a centaur warrior
  7656 | D:8      | Reached skill level 9 in Fighting
  7656 | D:8      | Reached skill level 7 in Invocations
  7987 | D:8      | Identified a scroll of acquirement
  7988 | D:8      | Acquired a staff of cold
  8248 | D:8      | Found a runed translucent door.
  8251 | D:8      | Identified the +6 spear of Locus Delicti {elec, *Rage rElec
                  | rC+ Str+5}
  8252 | D:8      | Noticed joopi's ghost (novice TrFi)
  8354 | D:9      | Identified the +10 scimitar of the Immovable Dreams {vamp,
                  | +Blink Dex+7 Stlth-}
  8504 | D:9      | Reached skill level 1 in Evocations
  8567 | D:9      | Reached XP level 11. HP: 61/84 MP: 0/0
  8567 | D:9      | Learned a level 5 spell: Summon Forest
  8829 | D:9      | Reached skill level 8 in Invocations
  8829 | D:9      | Reached skill level 2 in Evocations
  9372 | D:10     | Entered Level 10 of the Dungeon
  9503 | D:10     | Reached skill level 3 in Evocations
  9888 | D:10     | Reached skill level 4 in Evocations
  9894 | D:10     | Reached skill level 10 in Fighting
 10684 | D:11     | Found a staircase to the Orcish Mines.
 10692 | D:11     | Reached ***** piety under Cheibriados
 10820 | D:11     | Noticed a two-headed ogre
 10827 | D:11     | Killed a two-headed ogre
 10865 | D:11     | Reached skill level 5 in Evocations
 11238 | D:11     | Noticed a manticore
 11245 | D:11     | Killed a manticore
 11246 | D:11     | Reached skill level 6 in Evocations
 11466 | D:11     | Found a staircase to the Lair.
 11820 | Lair:1   | Entered Level 1 of the Lair of Beasts
 11841 | Lair:1   | Reached skill level 11 in Fighting
 11841 | Lair:1   | Reached XP level 12. HP: 88/94 MP: 0/0
 11921 | Lair:1   | Reached skill level 9 in Spellcasting
 11921 | Lair:1   | Reached skill level 9 in Conjurations
 11921 | Lair:1   | Reached skill level 9 in Hexes
 11921 | Lair:1   | Reached skill level 9 in Summonings
 11921 | Lair:1   | Reached skill level 9 in Necromancy
 11921 | Lair:1   | Reached skill level 9 in Translocations
 11921 | Lair:1   | Reached skill level 9 in Fire Magic
 11921 | Lair:1   | Reached skill level 9 in Ice Magic
 11921 | Lair:1   | Reached skill level 9 in Air Magic
 11921 | Lair:1   | Reached skill level 9 in Earth Magic
 11921 | Lair:1   | Reached skill level 9 in Alchemy
 11961 | Lair:1   | Found a sparkling altar of Nemelex Xobeh.
 12015 | Lair:1   | Reached ****** piety under Cheibriados
 12112 | Lair:1   | Reached skill level 12 in Fighting
 12114 | Lair:1   | Reached skill level 3 in Dodging
 12370 | Lair:1   | Noticed Amaemon
 12379 | Lair:1   | Killed Amaemon
 12380 | Lair:1   | Reached skill level 4 in Dodging
 12921 | Lair:2   | Noticed a death yak
 12925 | Lair:2   | Reached skill level 5 in Dodging
 12954 | Lair:2   | Noticed a four-headed hydra
 13316 | Lair:2   | Noticed a death yak
 13316 | Lair:2   | Noticed a death yak
 13316 | Lair:2   | Noticed a death yak
 13317 | Lair:2   | Noticed a death yak
 13318 | Lair:2   | Noticed a death yak
 13320 | Lair:2   | Killed a death yak
 13321 | Lair:2   | Reached skill level 6 in Dodging
 13321 | Lair:2   | Reached skill level 10 in Spellcasting
 13321 | Lair:2   | Reached skill level 10 in Conjurations
 13321 | Lair:2   | Reached skill level 10 in Hexes
 13321 | Lair:2   | Reached skill level 10 in Summonings
 13321 | Lair:2   | Reached skill level 10 in Necromancy
 13321 | Lair:2   | Reached skill level 10 in Translocations
 13321 | Lair:2   | Reached skill level 10 in Fire Magic
 13321 | Lair:2   | Reached skill level 10 in Ice Magic
 13321 | Lair:2   | Reached skill level 10 in Air Magic
 13321 | Lair:2   | Reached skill level 10 in Earth Magic
 13321 | Lair:2   | Reached skill level 10 in Alchemy
 13321 | Lair:2   | Reached XP level 13. HP: 91/101 MP: 0/0
 13321 | Lair:2   | Learned a level 5 spell: Silence
 13323 | Lair:2   | Reached skill level 7 in Dodging
 13324 | Lair:2   | Reached skill level 9 in Dodging
 13369 | Lair:2   | Killed a four-headed hydra
 13370 | Lair:2   | Reached skill level 10 in Dodging
 13370 | Lair:2   | Reached skill level 1 in Armour
 13413 | Lair:2   | Reached skill level 2 in Armour
 13435 | Lair:2   | Found a hole to the Spider Nest.
 13496 | Lair:2   | Acquired the +3 Elemental Staff {ele, rElec rF+ rC+ AC+3}
 13496 | Lair:2   | Found the +3 Elemental Staff {ele, rElec rF+ rC+ AC+3}
 13577 | Lair:2   | You are sucked into a shaft and drop 1 floor!
 13638 | Lair:3   | Reached skill level 3 in Armour
 13660 | Lair:3   | Reached skill level 4 in Stealth
 13718 | Lair:3   | Reached skill level 4 in Armour
 14419 | Lair:3   | Reached skill level 5 in Stealth
 14690 | Lair:3   | Reached skill level 5 in Armour
 14727 | Lair:3   | Noticed a four-headed hydra
 14754 | Lair:3   | Killed a four-headed hydra
 14768 | Lair:3   | Reached skill level 6 in Armour
 15011 | Lair:3   | Reached XP level 14. HP: 103/107 MP: 0/0
 15025 | Lair:3   | Found a staircase to the Swamp.
 15168 | Lair:4   | Reached skill level 1 in Shields
 15216 | Lair:4   | Reached skill level 2 in Shields
 15294 | Lair:4   | Found a frozen archway.
 15320 | IceCv    | Entered an ice cave
 16377 | IceCv    | Reached skill level 3 in Shields
 16433 | IceCv    | Reached skill level 11 in Dodging
 16547 | IceCv    | Noticed a reaper
 16549 | IceCv    | Killed a reaper
 16588 | IceCv    | Identified the +9 sling of the Teaching Vulture {freeze,
                  | rF+}
 17161 | Lair:4   | Reached skill level 4 in Shields
 17702 | Lair:5   | Entered Level 5 of the Lair of Beasts
 17782 | Lair:5   | Reached skill level 13 in Fighting
 17874 | Lair:5   | Found a runed translucent door.
 17874 | Lair:5   | Found a shimmering altar of Xom.
 17874 | Lair:5   | Noticed Turbonekonecno's ghost (journeyman SpEn)
 17967 | Lair:5   | Reached skill level 5 in Shields
 18121 | Lair:5   | Found a viscous altar of Jiyva.
 18122 | Lair:5   | Found a staircase to the Slime Pits.
 18144 | Lair:5   | Reached XP level 15. HP: 104/115 MP: 0/0
 18144 | Lair:5   | Learned a level 6 spell: Plasma Beam
 18145 | Lair:5   | Reached skill level 12 in Dodging
 18335 | Lair:5   | Reached skill level 11 in Ice Magic
 18390 | Lair:5   | Reached skill level 6 in Shields
 19018 | D:8      | Killed joopi's ghost
 19190 | D:12     | Identified the +0 fire dragon scales "Fax Ihic" {rElec rF++
                  | rC- Str+2 SInv}
 19289 | D:12     | Reached skill level 14 in Fighting
 19289 | D:12     | Reached skill level 7 in Shields
 19502 | D:12     | Found Ixaemoz's Distillery.
 19511 | D:12     | Bought a potion of cancellation for 96 gold pieces
 19511 | D:12     | Bought a potion of heal wounds for 60 gold pieces
 19533 | D:12     | Noticed Fannar
 19535 | D:12     | Killed Fannar
 20035 | Orc:1    | Entered Level 1 of the Orcish Mines
 20035 | Orc:1    | Found Siskunk's Armour Shoppe.
 20156 | Orc:2    | Entered Level 2 of the Orcish Mines
 20166 | Orc:2    | Reached skill level 11 in Spellcasting
 20166 | Orc:2    | Reached skill level 11 in Conjurations
 20166 | Orc:2    | Reached skill level 11 in Hexes
 20166 | Orc:2    | Reached skill level 11 in Summonings
 20166 | Orc:2    | Reached skill level 11 in Necromancy
 20166 | Orc:2    | Reached skill level 11 in Translocations
 20166 | Orc:2    | Reached skill level 11 in Fire Magic
 20166 | Orc:2    | Reached skill level 11 in Air Magic
 20166 | Orc:2    | Reached skill level 11 in Earth Magic
 20166 | Orc:2    | Reached skill level 11 in Alchemy
 20693 | Orc:2    | Reached skill level 13 in Dodging
 20816 | Orc:2    | Found a staircase to the Elven Halls.
 20883 | Orc:1    | Noticed Gastronok
 20888 | Orc:1    | Killed Gastronok
 20996 | Orc:2    | Reached skill level 12 in Ice Magic
 21078 | Orc:2    | Reached XP level 16. HP: 111/124 MP: 0/0
 21086 | Orc:2    | Found Zijuoczo's Weapon Boutique.
 21086 | Orc:2    | Found Ucrif's General Store.
 21091 | Orc:2    | Found Vuqiq's Magic Scroll Emporium.
 21091 | Orc:2    | Found Wito's General Store.
 21099 | Orc:2    | Bought a scroll of blinking for 127 gold pieces
 21099 | Orc:2    | Bought a scroll of identify for 34 gold pieces
 21099 | Orc:2    | Bought a scroll of identify for 34 gold pieces
 21102 | Orc:2    | Bought a wand of quicksilver (6) for 302 gold pieces
 21102 | Orc:2    | Bought a potion of curing for 36 gold pieces
 21210 | Orc:2    | Reached skill level 8 in Shields
 21570 | D:13     | Noticed Erolcha
 21571 | D:13     | Killed Erolcha
 21653 | D:13     | Noticed Azrael
 21659 | D:13     | Killed Azrael
 22186 | D:14     | Reached skill level 15 in Fighting
 22327 | D:14     | Found a gate to the Vaults.
 22607 | D:14     | Reached skill level 14 in Dodging
 22627 | D:14     | Reached skill level 9 in Shields
 22767 | D:15     | Entered Level 15 of the Dungeon
 22774 | D:15     | Reached skill level 9 in Invocations
 22860 | D:15     | Found a hazy altar of Hepliaklqana.
 22937 | D:15     | Found a staircase to the Depths.
 22937 | D:15     | Noticed Louise
 22939 | D:15     | Killed Louise
 23082 | D:15     | Found an opulent altar of Gozag.
 23484 | Swamp:1  | Entered Level 1 of the Swamp
 23494 | Swamp:1  | Reached XP level 17. HP: 68/131 MP: 0/0
 23494 | Swamp:1  | Learned a level 6 spell: Death Channel
 23619 | Swamp:1  | Noticed Donald
 23623 | Swamp:1  | Reached skill level 13 in Ice Magic
 23710 | Spider:1 | Entered Level 1 of the Spider Nest
 23827 | Spider:1 | Reached skill level 10 in Shields
 23833 | Spider:1 | Reached skill level 10 in Invocations
 24045 | Lair:2   | Gained mutation: You have a pair of small antennae on your
                  | head. [potion of mutation]
 24046 | Lair:2   | Lost mutation: You have a pair of small antennae on your
                  | head. [potion of mutation]
 24046 | Lair:2   | Gained mutation: You are strong-willed. (Will+) [potion of
                  | mutation]
 24046 | Lair:2   | Gained mutation: You are somewhat resistant to further
                  | mutation. [potion of mutation]
 24046 | Lair:2   | Gained mutation: Your natural rate of healing is unusually
                  | fast. [potion of mutation]
 25176 | Spider:2 | Reached skill level 15 in Dodging
 25211 | Spider:2 | Reached skill level 16 in Fighting
 26382 | Spider:3 | Reached skill level 12 in Spellcasting
 26382 | Spider:3 | Reached skill level 12 in Conjurations
 26382 | Spider:3 | Reached skill level 12 in Hexes
 26382 | Spider:3 | Reached skill level 12 in Summonings
 26382 | Spider:3 | Reached skill level 12 in Necromancy
 26382 | Spider:3 | Reached skill level 12 in Translocations
 26382 | Spider:3 | Reached skill level 12 in Fire Magic
 26382 | Spider:3 | Reached skill level 12 in Air Magic
 26382 | Spider:3 | Reached skill level 12 in Earth Magic
 26382 | Spider:3 | Reached skill level 12 in Alchemy
 26387 | Spider:3 | Reached XP level 18. HP: 120/139 MP: 0/0
 26393 | Spider:3 | Noticed Nikola
 26397 | Spider:3 | Killed Nikola
 26856 | Spider:3 | Reached skill level 11 in Shields
 27252 | Spider:4 | Entered Level 4 of the Spider Nest
 27255 | Spider:4 | Reached skill level 11 in Invocations
 27641 | Spider:4 | Identified the +8 shortbow "Nawude" {heavy, +Blink SInv}
 27658 | Spider:4 | Reached skill level 14 in Ice Magic
 28403 | Spider:4 | Got a gossamer rune of Zot
 28519 | Spider:3 | Noticed Arachne
 28522 | Spider:3 | Killed Arachne
 28637 | Swamp:1  | Noticed Kirke
 28653 | Lair:3   | Killed Kirke
 28654 | Lair:3   | Reached skill level 16 in Dodging
 28662 | Swamp:1  | Killed Donald
 29236 | Swamp:2  | Reached XP level 19. HP: 133/147 MP: 0/0
 29236 | Swamp:2  | Learned a level 7 spell: Summon Hydra
 29786 | Swamp:2  | Reached skill level 12 in Shields
 29797 | Swamp:2  | Reached skill level 17 in Fighting
 29918 | Swamp:2  | Reached skill level 12 in Invocations
 31160 | Swamp:3  | Reached skill level 15 in Ice Magic
 31489 | Swamp:4  | Entered Level 4 of the Swamp
 31921 | Swamp:4  | Reached skill level 17 in Dodging
 32173 | Swamp:4  | Reached skill level 13 in Spellcasting
 32173 | Swamp:4  | Reached skill level 13 in Conjurations
 32173 | Swamp:4  | Reached skill level 13 in Hexes
 32173 | Swamp:4  | Reached skill level 13 in Summonings
 32173 | Swamp:4  | Reached skill level 13 in Necromancy
 32173 | Swamp:4  | Reached skill level 13 in Translocations
 32173 | Swamp:4  | Reached skill level 13 in Fire Magic
 32173 | Swamp:4  | Reached skill level 13 in Air Magic
 32173 | Swamp:4  | Reached skill level 13 in Earth Magic
 32173 | Swamp:4  | Reached skill level 13 in Alchemy
 32806 | Swamp:4  | Noticed a tentacled monstrosity
 32823 | Swamp:4  | Reached skill level 13 in Invocations
 32823 | Swamp:4  | Killed a tentacled monstrosity
 32825 | Swamp:4  | Reached XP level 20. HP: 106/157 MP: 0/0
 32908 | Swamp:4  | Got a decaying rune of Zot
 33446 | Elf:1    | Entered Level 1 of the Elven Halls
 33472 | Elf:1    | Identified the +2 robe of Zadoek {Rampage rF++ Will- SInv}
 33537 | Elf:1    | Reached skill level 18 in Fighting
 33766 | Elf:1    | Reached skill level 16 in Ice Magic
 35083 | Elf:2    | Reached skill level 18 in Dodging
 35263 | Elf:2    | Reached skill level 14 in Invocations
 35338 | Elf:2    | Found a runed translucent gate.
 35338 | Elf:2    | Found a runed translucent gate.
 35340 | Elf:2    | Found a runed translucent gate.
 35671 | Elf:3    | Entered Level 3 of the Elven Halls
 36179 | Elf:3    | Reached XP level 21. HP: 154/164 MP: 0/0
 36179 | Elf:3    | Learned a level 7 spell: Spellforged Servitor
 37358 | Elf:3    | Found Acuesal's Antique Weapon Boutique.
 37526 | Elf:3    | Found Qoenaoxa's Tremendous Tomes.
 38227 | Elf:3    | Identified the ring "Duesadd" {^Contam *Slow rCorr Str+8
                  | Int+5}
 38245 | Elf:3    | Reached skill level 14 in Spellcasting
 38245 | Elf:3    | Reached skill level 14 in Conjurations
 38245 | Elf:3    | Reached skill level 14 in Hexes
 38245 | Elf:3    | Reached skill level 14 in Summonings
 38245 | Elf:3    | Reached skill level 14 in Necromancy
 38245 | Elf:3    | Reached skill level 14 in Translocations
 38245 | Elf:3    | Reached skill level 14 in Fire Magic
 38245 | Elf:3    | Reached skill level 14 in Air Magic
 38245 | Elf:3    | Reached skill level 14 in Earth Magic
 38245 | Elf:3    | Reached skill level 14 in Alchemy
 38397 | Elf:3    | Identified the +4 glaive of the Past {flame, rCorr Int-5
                  | Dex+3}
 38404 | Elf:3    | Identified the +0 leather armour "Qeales" {rN+}
 38406 | Elf:3    | Reached skill level 17 in Ice Magic
 38820 | Elf:3    | Identified the +3 trident of Awkwardness {freeze, *Rage
                  | Will+ Dex+7 SInv}
 39187 | Elf:3    | Identified the +0 cloak of the Constellations {^Contam rN+
                  | Stlth+}
 39444 | Vaults:1 | Entered Level 1 of the Vaults
 39543 | Vaults:1 | Reached skill level 19 in Fighting
 39711 | Vaults:1 | Reached skill level 15 in Invocations
 39713 | Vaults:1 | Identified the +3 long sword "Ojuih" {drain, rElec rC+}
 39727 | Vaults:1 | Reached skill level 19 in Dodging
 40242 | Vaults:1 | Reached XP level 22. HP: 154/173 MP: 0/0
 40696 | Vaults:2 | Found Ympuaz's Magic Scroll Shoppe.
 40699 | Vaults:2 | Bought a scroll of blinking for 127 gold pieces
 40699 | Vaults:2 | Bought a scroll of acquirement for 884 gold pieces
 40699 | Vaults:2 | Bought a scroll of fog for 68 gold pieces
 40699 | Vaults:2 | Acquired the ring of Trepidation {rC+ Will+ MP+9 Int+3
                  | Slay+2}
 40730 | Vaults:2 | Found Ceedgh's Magic Scroll Boutique.
 40740 | Vaults:2 | Bought a scroll of fog for 60 gold pieces
 40740 | Vaults:2 | Bought a scroll of teleportation for 45 gold pieces
 40740 | Vaults:2 | Bought a scroll of revelation for 112 gold pieces
 40764 | Vaults:2 | You are sucked into a shaft and drop 2 floors!
 40861 | Vaults:3 | Reached skill level 18 in Ice Magic
 41007 | Vaults:3 | Identified the +2 dagger of Scorn {spect, rPois Int-3 SInv}
 41125 | Vaults:3 | Found Felyligo's Book Emporium.
 41378 | Vaults:2 | Reached skill level 15 in Spellcasting
 41378 | Vaults:2 | Reached skill level 15 in Conjurations
 41378 | Vaults:2 | Reached skill level 15 in Hexes
 41378 | Vaults:2 | Reached skill level 15 in Summonings
 41378 | Vaults:2 | Reached skill level 15 in Necromancy
 41378 | Vaults:2 | Reached skill level 15 in Translocations
 41378 | Vaults:2 | Reached skill level 15 in Fire Magic
 41378 | Vaults:2 | Reached skill level 15 in Air Magic
 41378 | Vaults:2 | Reached skill level 15 in Earth Magic
 41378 | Vaults:2 | Reached skill level 15 in Alchemy
 41386 | Vaults:2 | Reached skill level 20 in Fighting
 41413 | Vaults:2 | Found Olueh Pyff's Antique Armour Emporium.
 41488 | Vaults:2 | Reached skill level 20 in Dodging
 41618 | Vaults:2 | Noticed Saint Roka
 41620 | Vaults:2 | Killed Saint Roka
 41665 | Vaults:2 | Noticed Bai Suzhen
 41668 | Vaults:2 | Killed Bai Suzhen
 41750 | Vaults:2 | Found a staircase to the Crypt.
 42452 | Vaults:3 | Reached skill level 19 in Ice Magic
 42567 | Vaults:3 | Reached XP level 23. HP: 178/182 MP: 0/0
 42567 | Vaults:3 | Learned a level 8 spell: Infestation
 43598 | Vaults:4 | Found a runed translucent gate.
 43598 | Vaults:4 | Found a runed translucent gate.
 43598 | Vaults:4 | Found a runed translucent gate.
 43598 | Vaults:4 | Noticed Ugguttuj's ghost (veteran DrWn)
 43824 | Vaults:4 | Found Jore's Magic Scroll Emporium.
 43919 | Vaults:4 | Reached skill level 21 in Dodging
 44141 | Vaults:4 | Found the +1 cloak of Starlight {*Dazzle EV+4 Stlth--}
 44142 | Vaults:4 | Found a viscous altar of Jiyva.
 44887 | Vaults:4 | Identified the staff "Etausae" {rElec Dex+3 Air}
 45121 | Vaults:4 | Killed Ugguttuj's ghost
 45122 | Vaults:4 | Reached skill level 21 in Fighting
 45446 | Vaults:4 | Found Jore's Magic Scroll Emporium.
 45797 | Depths:1 | Entered Level 1 of the Depths
 45837 | Depths:1 | Reached skill level 16 in Spellcasting
 45837 | Depths:1 | Reached skill level 16 in Conjurations
 45837 | Depths:1 | Reached skill level 16 in Hexes
 45837 | Depths:1 | Reached skill level 16 in Summonings
 45837 | Depths:1 | Reached skill level 16 in Necromancy
 45837 | Depths:1 | Reached skill level 16 in Translocations
 45837 | Depths:1 | Reached skill level 16 in Fire Magic
 45837 | Depths:1 | Reached skill level 16 in Air Magic
 45837 | Depths:1 | Reached skill level 16 in Earth Magic
 45837 | Depths:1 | Reached skill level 16 in Alchemy
 45838 | Depths:1 | Reached skill level 20 in Ice Magic
 45858 | Depths:1 | Noticed the Enchantress
 45863 | Depths:1 | Killed the Enchantress
 46505 | Depths:1 | Reached XP level 24. HP: 92/191 MP: 0/0
 46561 | Depths:1 | Found a gateway to Hell.
 46986 | Depths:2 | Noticed a golden dragon
 46987 | Depths:2 | Noticed a caustic shrike
 46993 | Depths:1 | Killed a caustic shrike
 47010 | Depths:2 | Killed a golden dragon
 47299 | Depths:2 | Reached skill level 22 in Dodging
 47445 | Depths:2 | Found a one-way gate to the infinite horrors of the Abyss.
 47503 | Depths:2 | Reached skill level 21 in Ice Magic
 47814 | Depths:2 | Found a one-way gate leading to the halls of Pandemonium.
 48226 | Depths:3 | Reached skill level 22 in Fighting
 48322 | Depths:3 | Noticed Vv
 48336 | Depths:3 | Identified the ring "Coengayl" {Ice Will- MP-9 Int+2 Dex+7}
 48336 | Depths:3 | Noticed Josephina
 48338 | Depths:3 | Killed Vv
 48404 | Depths:3 | Noticed an ancient lich
 48405 | Depths:3 | Noticed a dread lich
 48435 | Depths:3 | Reached skill level 17 in Spellcasting
 48435 | Depths:3 | Reached skill level 17 in Conjurations
 48435 | Depths:3 | Reached skill level 17 in Hexes
 48435 | Depths:3 | Reached skill level 17 in Summonings
 48435 | Depths:3 | Reached skill level 17 in Necromancy
 48435 | Depths:3 | Reached skill level 17 in Translocations
 48435 | Depths:3 | Reached skill level 17 in Fire Magic
 48435 | Depths:3 | Reached skill level 17 in Air Magic
 48435 | Depths:3 | Reached skill level 17 in Earth Magic
 48435 | Depths:3 | Reached skill level 17 in Alchemy
 48941 | Depths:3 | Killed Josephina
 48942 | Depths:3 | Reached XP level 25. HP: 180/199 MP: 0/0
 48942 | Depths:3 | Learned a level 8 spell: Disjunction
 48979 | Depths:3 | Found Joysu's Jewellery Boutique.
 49037 | Depths:3 | Noticed Norris
 49042 | Depths:3 | Killed Norris
 49220 | Depths:3 | Found Xecog's Jewellery Shop.
 49250 | Depths:3 | Found a transporter.
 49368 | Depths:3 | Noticed Parghit
 49400 | Depths:3 | Killed Parghit
 49490 | Depths:3 | Found a transporter.
 49515 | Depths:3 | Found Vaumenteu's Distillery.
 49523 | Depths:3 | Bought a potion of heal wounds for 95 gold pieces
 49523 | Depths:3 | Bought 3 potions of brilliance for 228 gold pieces
 49523 | Depths:3 | Bought 2 potions of cancellation for 304 gold pieces
 49558 | Depths:3 | Found a corrupted altar of Lugonu.
 50010 | Depths:3 | Reached skill level 22 in Ice Magic
 50059 | Depths:3 | Reached skill level 23 in Dodging
 50200 | Depths:3 | Identified the ring "Ycijaa" {rPois rCorr Int+4}
 50226 | Depths:3 | Identified the +2 great mace of Tivadoc {protect, ^Fragile
                  | rN+ Dex+3}
 50230 | Depths:3 | Identified the ring of Ykuzup {Fly Str+4 Stlth-}
 50277 | Depths:4 | Entered Level 4 of the Depths
 50547 | Depths:4 | Found a gate to the Realm of Zot.
 50602 | Depths:4 | Found a shimmering altar of Xom.
 50603 | Depths:4 | Found an iron altar of Okawaru.
 50604 | Depths:4 | Found an iron altar of Okawaru.
 50764 | Depths:4 | Reached skill level 23 in Fighting
 50770 | Depths:4 | Noticed a juggernaut
 50777 | Depths:4 | Killed a juggernaut
 50808 | Depths:4 | Noticed a caustic shrike
 50814 | Depths:4 | Killed a caustic shrike
 50841 | Depths:4 | Noticed a caustic shrike
 50842 | Depths:4 | Killed a caustic shrike
 50843 | Depths:4 | Reached skill level 18 in Spellcasting
 50843 | Depths:4 | Reached skill level 18 in Conjurations
 50843 | Depths:4 | Reached skill level 18 in Hexes
 50843 | Depths:4 | Reached skill level 18 in Summonings
 50843 | Depths:4 | Reached skill level 18 in Necromancy
 50843 | Depths:4 | Reached skill level 18 in Translocations
 50843 | Depths:4 | Reached skill level 18 in Fire Magic
 50843 | Depths:4 | Reached skill level 18 in Air Magic
 50843 | Depths:4 | Reached skill level 18 in Earth Magic
 50843 | Depths:4 | Reached skill level 18 in Alchemy
 50865 | Depths:4 | Reached XP level 26. HP: 190/209 MP: 0/0
 50916 | Depths:4 | Found the brooch of Shielding {Spirit SH+8}
 50943 | Depths:4 | Identified the +1 ring mail of the Amoeba {MP+9}
 51004 | Depths:4 | Reached skill level 23 in Ice Magic
 51659 | Crypt:1  | Entered Level 1 of the Crypt
 51663 | Crypt:1  | Noticed Jory
 51668 | Crypt:1  | Killed Jory
 51722 | Crypt:1  | Reached skill level 24 in Dodging
 52941 | Crypt:3  | Entered Level 3 of the Crypt
 53042 | Crypt:3  | Reached skill level 24 in Ice Magic
 53086 | Crypt:3  | Reached skill level 24 in Fighting
 53223 | Crypt:3  | Reached XP level 27. HP: 212/218 MP: 0/0
 53223 | Crypt:3  | Learned a level 9 spell: Shatter
 53268 | Crypt:3  | Noticed a dread lich
 53272 | Crypt:3  | Killed a dread lich
 53345 | Crypt:3  | Reached skill level 19 in Spellcasting
 53345 | Crypt:3  | Reached skill level 19 in Conjurations
 53345 | Crypt:3  | Reached skill level 19 in Hexes
 53345 | Crypt:3  | Reached skill level 19 in Summonings
 53345 | Crypt:3  | Reached skill level 19 in Necromancy
 53345 | Crypt:3  | Reached skill level 19 in Translocations
 53345 | Crypt:3  | Reached skill level 19 in Fire Magic
 53345 | Crypt:3  | Reached skill level 19 in Air Magic
 53345 | Crypt:3  | Reached skill level 19 in Earth Magic
 53345 | Crypt:3  | Reached skill level 19 in Alchemy
 53464 | Crypt:3  | Found a staircase to the Tomb.
 53486 | Crypt:3  | Identified the ring of the Crown {rElec rPois rF+ rN+
                  | Will+}
 53486 | Crypt:3  | Identified the ring "Siatovu" {rN+ Int+3 Stlth+}
 53680 | Crypt:3  | Identified the amulet "Gouguzxuil" {Acrobat rN+ Dex+3}
 53681 | Crypt:3  | Identified the ring "Utzimauv" {rElec rC+ Will+ Int+6}
 54007 | Vaults:5 | Entered Level 5 of the Vaults
 54049 | Vaults:5 | Reached skill level 25 in Dodging
 54084 | Vaults:5 | Identified the +5 shortbow of Focus {drain, Int+3}
 54526 | Vaults:5 | Found Zacsyj's Antique Weapon Shoppe.
 54604 | Vaults:5 | Reached skill level 25 in Ice Magic
 54806 | Vaults:5 | Identified the +2 ring mail "Megie" {Stlth+}
 54820 | Vaults:5 | Noticed Mara
 54826 | Vaults:5 | Killed Mara
 55268 | Vaults:5 | Reached skill level 25 in Fighting
 55535 | Vaults:5 | Got a silver rune of Zot
 56003 | Zot:1    | Entered Level 1 of the Realm of Zot
 56040 | Zot:1    | Reached skill level 26 in Dodging
 56051 | Zot:1    | Reached skill level 20 in Spellcasting
 56051 | Zot:1    | Reached skill level 20 in Conjurations
 56051 | Zot:1    | Reached skill level 20 in Hexes
 56051 | Zot:1    | Reached skill level 20 in Summonings
 56051 | Zot:1    | Reached skill level 20 in Necromancy
 56051 | Zot:1    | Reached skill level 20 in Translocations
 56051 | Zot:1    | Reached skill level 20 in Fire Magic
 56051 | Zot:1    | Reached skill level 20 in Air Magic
 56051 | Zot:1    | Reached skill level 20 in Earth Magic
 56051 | Zot:1    | Reached skill level 20 in Alchemy
 56485 | Zot:1    | Reached skill level 26 in Ice Magic
 56958 | Zot:1    | Noticed an orb of fire
 56961 | Zot:1    | Gained mutation: You are frail. (-10% HP) [an orb of fire]
 56979 | Zot:1    | Killed an orb of fire
 57466 | Zot:2    | Found a stormy altar of Qazlal.
 57495 | Zot:2    | Found a stormy altar of Qazlal.
 58383 | Zot:3    | Noticed a Killer Klown
 58387 | Zot:3    | Killed a Killer Klown
 58615 | Zot:3    | Identified the +4 ring mail of the Bulwark {rC+}
 59150 | Zot:4    | Reached skill level 26 in Fighting
 59398 | Zot:4    | Reached skill level 27 in Ice Magic
 59497 | Zot:4    | Identified the ring of Generosity {Fly Int+3}
 59691 | Zot:4    | Noticed a Killer Klown
 59695 | Zot:4    | Killed a Killer Klown
 59696 | Zot:4    | Noticed a Killer Klown
 59698 | Zot:4    | Killed a Killer Klown
 60020 | Zot:5    | Entered Level 5 of the Realm of Zot
 60165 | Zot:5    | Found an iron altar of Okawaru.
 60260 | Zot:5    | Identified the +0 ring mail of Purpose {-Tele rN+ Dex+4
                  | Slay+3}
 60472 | Zot:5    | Reached skill level 27 in Dodging
 61587 | Zot:5    | Noticed an ancient lich
 61590 | Zot:5    | Killed an ancient lich
 61593 | Zot:5    | Reached skill level 27 in Fighting
 61593 | Zot:5    | Noticed a dread lich
 61597 | Zot:5    | Killed a dread lich
 61598 | Zot:5    | Reached skill level 7 in Armour
 61670 | Zot:5    | Noticed a Killer Klown
 61677 | Zot:5    | Killed a Killer Klown
 61678 | Zot:5    | Reached skill level 8 in Armour
 61805 | Zot:5    | Noticed an orb of fire
 61817 | Zot:5    | Killed an orb of fire
 61965 | Zot:5    | Noticed a dread lich
 61971 | Zot:5    | Killed a dread lich
 61972 | Zot:5    | Reached skill level 9 in Armour
 62085 | Zot:5    | Noticed a dread lich
 62099 | Zot:5    | Killed a dread lich
 62100 | Zot:5    | Reached skill level 10 in Armour
 62501 | Zot:5    | Noticed an orb of fire
 62501 | Zot:5    | Noticed a dread lich
 62503 | Zot:5    | Reached skill level 11 in Armour
 62505 | Zot:5    | Noticed a dread lich
 62508 | Zot:5    | Killed a dread lich
 62512 | Zot:5    | Killed a dread lich
 62513 | Zot:5    | Noticed a Killer Klown
 62513 | Zot:5    | Killed an orb of fire
 62514 | Zot:5    | Reached skill level 12 in Armour
 62514 | Zot:5    | Killed a Killer Klown
 62861 | Zot:5    | Got the Orb of Zot
 62863 | Zot:5    | Noticed a Killer Klown
 63214 | D:10     | Reached skill level 13 in Armour
 63380 | D:2      | Noticed Vauvuiz the pandemonium lord
 63405 | D:$      | Escaped with the Orb!

Illustrated notes

Levels and vault maps discovered:
D:1:      lightli_arrival_flooded_house, layout_basic
D:2:      layout_basic, minmay_statues_item, minmay_misc_feat_pillars,
          hangedman_decor_opposing, minmay_diced_spiral
D:3:      layout_loops_ring, wad_rectangle_vault, uniq_grinder
D:4:      layout_cave_pools, nicolae_uskayaw_murder_on_the_dancefloor,
          serial_glass, glass_columns_a, glass_columns_b, glass_columns_a,
          glass_columns_c, glass_columns_b, glass_columns_a, glass_columns_b,
          glass_columns_b, item_on_display_a, minmay_strange_pillars,
          nicolae_shop_clearance, uniq_menkaure, uniq_blork_the_orc
D:5:      layout_loops_corners, nemelex_dance_club_becter,
          minmay_temple_entry_statues_pillars, ebering_ghost_rock_garden,
          enter_ossuary_4, serial_bayou_crossing
D:6:      layout_loops_ring, serial_shops, nicolae_shop_overgrown_old_shop,
          kennysheep_mini, nicolae_stop_n_shop_2, kennysheep_generic_room_13,
          uniq_crazy_yiuf_cottage, uniq_maggie
D:7:      layout_rooms, lemuel_flamethrower_1, uniq_joseph
D:8:      layout_basic, ebering_ghost_funeral_grove, hex_large
D:9:      layout_irregular_city
D:10:     layout_loops_corners, amcnicky_altar_gilded, minivault_27
D:11:     nicolae_cairo_tiling_large_dashed, layout_loops_corners,
          lair_entry_dummy, hiddenorc2_lemuel
D:12:     layout_gridville, serial_shops, nicolae_shop_pleasant_corner_grove,
          uniq_fannar
D:13:     layout_cave_pools, serial_column_ruins, column_ruins_circle_medium,
          column_ruins_grid_1, column_ruins_grid_1, column_ruins_open_small,
          column_ruins_grid_3, column_ruins_grid_1, drop_trap,
          nicolae_kite_square_tiling_tiny, uniq_azrael, uniq_erolcha
D:14:     dreamdust_isle_of_ice, layout_rooms, hellmonk_vaults_order_and_chaos,
          minmay_misc_feat_more_columns, nrook_uturn
D:15:     gammafunk_depths_entry_grave, layout_stronghold, grunt_gozag_statues,
          nzn_hepliaklqana_mist_gate, uniq_louise
Temple:   compressed_dpeg_triangle_lava_temple
Lair:1:   layout_loops_ring, lemuel_oklob_altar, uniq_amaemon
Lair:2:   layout_loops_ring, spider_nest_entry_rubble, minmay_stone_trees_small,
          grunt_megastairs_2, infiniplex_staircase_pool, serial_bayou_shore_b
Lair:3:   layout_long_grid, nicolae_swamp_entry_splash_gauntlet,
          chequers_serial_rivers_micro_c
Lair:4:   layout_cave_pods, portal_ice_cave_entry_imps, grunt_megastairs_4
Lair:5:   due_jungle_book, layout_long_grid, slime_entry_2, ebering_ghost_xom,
          lemuel_fruit_fields
Swamp:1:  layout_basic_swamp, serial_swamp_ruin, evilmike_swamp_ruin_house_3,
          evilmike_swamp_ruin_rubble_2, uniq_donald, uniq_kirke
Swamp:2:  bobbens_index_wilting_gardens, layout_basic_swamp,
          hangedman_swamp_blocks
Swamp:3:  layout_falls_marsh, evilmike_swamp_ruin_house_4,
          nicolae_swamp_tree_isthmus, nicolae_swamp_decorative_isthmus
Swamp:4:  swamp_vile, layout_basic_swamp, swamp_pool_1_2,
          nicolae_swamp_dense_foliage
Spider:1: layout_spider_delve, drop_trap
Spider:2: layout_chambers, nicolae_spider_checkerboard
Spider:3: layout_cave_pods, drop_trap, uniq_arachne, uniq_nikola
Spider:4: grunt_spider_rune_circles
Orc:1:    layout_diamond_mine, serial_shops, shop, uniq_gastronok
Orc:2:    grunt_orc_tribal_feast, layout_caves, minmay_orc_temple_c
Elf:1:    minmay_the_grid_square_5x5_5x5 [minmay_the_grid_square_5x5_three,
          minmay_the_grid_square_5x5_n,
          minmay_the_grid_square_5x5_intrusive_squares,
          minmay_the_grid_square_5x5_bite,
          minmay_the_grid_square_5x5_fancy_junction,
          minmay_the_grid_square_5x5_eight,
          minmay_the_grid_square_5x5_prize_gold, minmay_the_grid_square_5x5_two,
          minmay_the_grid_square_5x5_prize_pseudospiral,
          minmay_the_grid_square_5x5_shuriken,
          minmay_the_grid_square_5x5_shrine2,
          minmay_the_grid_square_5x5_bracketed,
          minmay_the_grid_square_5x5_prize_open,
          minmay_the_grid_square_5x5_spiral,
          minmay_the_grid_square_5x5_inverted_slash,
          minmay_the_grid_square_5x5_tie,
          minmay_the_grid_square_5x5_prize_deathbox,
          minmay_the_grid_square_5x5_three_walls,
          minmay_the_grid_square_5x5_prize_junk,
          minmay_the_grid_square_5x5_hollow_slash,
          minmay_the_grid_square_5x5_three_small,
          minmay_the_grid_square_5x5_minivault,
          minmay_the_grid_square_5x5_tetrominoes,
          minmay_the_grid_square_5x5_spiral_small,
          minmay_the_grid_square_5x5_lines], layout_loops_corners
Elf:2:    nicolae_elf_blades_splatter_lattice
          [nicolae_blade_entry_diamond_columns], layout_onion_city
Elf:3:    minmay_elf_hall_spiked, layout_rooms, serial_shops,
          nicolae_shop_overgrown_old_shop, drop_trap,
          nicolae_elf_big_sculpture_2, nicolae_shop_i_like_big_books
Vaults:1: hangedman_vaults_corner_blocks, nicolae_vaults_shrinking_rooms_2,
          nicolae_vaults_storage_closets_3, nicolae_vaults_octothorpe,
          v_pattern_4, nicolae_vaults_arrows, nicolae_vaults_tetromino_L_2,
          grunt_vaults_swirl, nicolae_vaults_border_crossing,
          nicolae_vaults_angled_halls, ontoclasm_vaults_pinch,
          vaults_room_stairs_pillars, nicolae_vaults_prndl,
          vaults_room_ringed_pool, vaults_dpeg_diagonal,
          nicolae_vaults_octothorpe, nicolae_vaults_trapezoid_lopsided_2,
          layout_vaults_maze_bifur
Vaults:2: nicolae_vaults_closet_pinwheel_6, v_rooms_4, nicolae_vaults_diamond_1,
          hangedman_vaults_trim, nicolae_vaults_tetromino_T_2,
          nicolae_vaults_little_ls, nicolae_vaults_alarming,
          layout_vaults_omnigrid, dummy_crypt_entry, serial_shops, shop, shop,
          nicolae_shop_hallway_stairs, uniq_saint_roka, uniq_bai_suzhen,
          uniq_margery
Vaults:3: ontoclasm_vaults_tryst, nicolae_vaults_circle_grid_b,
          nicolae_vaults_trapezoid_lopsided_2, vaults_room_mumra_shop_pool,
          vaults_room_door_hall, vaults_dpeg_cross,
          nicolae_vaults_double_plus_3, kb_rosetta, v_misc_26,
          nicolae_vaults_house_2, hangedman_vaults_stretched_pinwheel,
          nicolae_vaults_more_shelving_1, nicolae_vaults_layer_cake_slice,
          layout_vaults_big_cross
Vaults:4: gammafunk_ghost_ooze, nicolae_vaults_network_quinsquares
          [nicolae_vaults_network_quincunx_subvault,
          nicolae_vaults_network_quincunx_subvault,
          nicolae_vaults_network_quincunx_subvault,
          nicolae_vaults_network_quincunx_subvault],
          nicolae_vaults_three_branches, vaults_room_pools,
          vaults_room_grunt_arrival_ludios, layout_vaults_big_room,
          serial_shops, shop_scrolls
Vaults:5: uniq_mara
Crypt:1:  layout_misc_corridors, grunt_crypt_arrival_webbed, grunt_megastairs_1,
          uniq_jory
Crypt:2:  layout_rooms
Crypt:3:  cryptofortress_bobbens
Depths:1: layout_gridville, grunt_hell_entry_demonic_statue, kennysheep_doodads,
          chequers_serial_rivers_micro_c, serial_library_hellmonk_room_a,
          minmay_fractal_squares_diagonal_5, infiniplex_staircase_pool_lava,
          uniq_enchantress
Depths:2: hangedman_arrow_trap, layout_cave_shapes, grunt_hell_entry_dis_old,
          grunt_pan_entry_zigzag, nicolae_the_louvre, abyss_entry,
          minmay_fire_ice_demons, serial_bayou_shore_b
Depths:3: gammafunk_dig_for_victory, layout_cave_shapes, enter_ziggurat_d,
          abyss_entry_flame_altar, serial_shops, shop, nicolae_shop_statue_plus,
          shop, rand_demon_pan_entry_1, hell_entry, serial_bayou_shore_b,
          uniq_parghit, uniq_norris, uniq_vv, uniq_josephina
Depths:4: hangedman_slaughterboxes, hell_entry, pan_entry, abyss_entry
Zot:1:    hangedman_zot_vaults_quadrants, layout_onion_interference
Zot:2:    layout_gridlike, regret_index_zotdec_storm_pass
Zot:3:    layout_gridlike
Zot:4:    grunt_zot_stairs_faceoff, layout_basic, grunt_megastairs_5
Zot:5:    layout_cathedral_of_symmetry, basic_altar

Skill      XL: |  1  2  3  4  5  6  7  8  9 10 11 12 13 14 15 16 17 18 19 20 21 22 23 24 25 26 27 |
---------------+----------------------------------------------------------------------------------+-----
Stealth        | 2 3 5 |  5.0
Fighting       | 1 2 4 6 7 9 11 12 13 14 15 16 17 18 19 20 21 22 23 24 27 | 27.0
Spellcasting   | 4 5 6 8 10 11 12 13 14 15 16 17 18 20 | 20.9
Conjurations   | 4 5 6 8 10 11 12 13 14 15 16 17 18 20 | 20.9
Hexes          | 4 5 6 8 10 11 12 13 14 15 16 17 18 20 | 20.9
Summonings     | 4 5 6 8 10 11 12 13 14 15 16 17 18 20 | 20.9
Necromancy     | 4 5 6 8 10 11 12 13 14 15 16 17 18 20 | 20.9
Translocations | 4 5 6 8 10 11 12 13 14 15 16 17 18 20 | 20.9
Fire Magic     | 4 5 6 8 10 11 12 13 14 15 16 17 18 20 | 20.9
Ice Magic      | 4 5 6 8 10 12 13 14 15 16 17 19 20 21 22 24 27 | 27.0
Air Magic      | 4 5 6 8 10 11 12 13 14 15 16 17 18 20 | 20.9
Earth Magic    | 4 5 6 8 10 11 12 13 14 15 16 17 18 20 | 20.9
Alchemy        | 4 5 6 8 10 11 12 13 14 15 16 17 18 20 | 20.9
Invocations    | 4 7 8 9 10 11 13 14 15 | 15.0
Evocations     | 1 6 |  6.0
Dodging        | 6 10 11 13 14 15 16 17 18 19 20 21 22 23 24 27 | 27.0
Armour         | 6 13 | 13.2
Shields        | 5 7 9 10 11 12 | 12.0

Action                     |  1- 3 |  4- 6 |  7- 9 | 10-12 | 13-15 | 16-18 | 19-21 | 22-24 | 25-27 || total
---------------------------+-------+-------+-------+-------+-------+-------+-------+-------+-------++-------
  Melee: Trident           |       |       |    26 |     1 |       |       |       |       |       ||    27
         Punch             |       |       |     1 |       |       |       |       |       |       ||     1
         Scimitar          |       |       |       |    45 |     2 |       |       |       |       ||    47
         Staff             |       |       |       |       |    20 |    10 |     7 |     2 |     8 ||    47
   Fire: Sling             |    20 |    24 |    54 |       |       |       |       |       |       ||    98
   Cast: Sting             |    42 |       |       |       |       |       |       |       |       ||    42
         Scorch            |       |    26 |   122 |   137 |   143 |       |       |       |       ||   428
         Sticky Flame      |       |       |    16 |    32 |    42 |     8 |     1 |     3 |     2 ||   104
         Olgreb's Toxic Ra |       |       |    21 |    74 |    72 |    73 |       |       |       ||   240
         Inner Flame       |       |       |     3 |     5 |    20 |       |       |       |       ||    28
         Mephitic Cloud    |       |       |     1 |     3 |       |       |       |       |       ||     4
         Plasma Beam       |       |       |       |       |   110 |   375 |   501 |   568 |  1198 ||  2752
         Summon Hydra      |       |       |       |       |       |       |    49 |     8 |    43 ||   100
         Spellforged Servi |       |       |       |       |       |       |     1 |       |       ||     1
         Summon Forest     |       |       |       |       |       |       |       |     1 |       ||     1
         Shatter           |       |       |       |       |       |       |       |       |     8 ||     8
 Invoke: Slouch            |       |       |       |     1 |     5 |    12 |     2 |       |    10 ||    30
         Temporal Distorti |       |       |       |       |       |     2 |       |       |       ||     2
  Evoke: Wand              |     1 |       |       |       |     2 |       |       |     2 |     4 ||     9
         Sack of spiders   |       |       |       |       |       |       |       |     1 |       ||     1
    Use: Scroll            |     1 |     4 |     5 |    10 |     9 |     7 |     2 |    11 |    15 ||    64
         Potion            |       |       |       |     2 |       |     2 |       |     2 |     5 ||    11
   Stab: Distracted        |       |       |       |       |       |       |       |       |     1 ||     1
         Sleeping          |       |       |       |       |       |       |       |       |     1 ||     1
 Armour: Robe              |     6 |     2 |    35 |       |       |       |       |       |       ||    43
         Steam dragon scal |       |       |     8 |    26 |       |       |       |       |       ||    34
         Troll leather arm |       |       |       |    64 |    81 |    61 |    64 |    14 |       ||   284
         Acid dragon scale |       |       |       |       |       |       |       |    18 |   120 ||   138
  Dodge: Dodged            |     9 |     4 |    49 |   106 |    79 |   146 |   103 |    90 |   537 ||  1123
  Block: Kite shield       |       |       |       |       |    49 |    97 |   103 |   116 |   372 ||   737

Table legend: (Time is in decaauts)
 A = Elapsed time spent in this place.
 B = Non-inter-level travel time spent in this place.
 C = Inter-level travel time spent in this place.
 D = Time resting spent in this place.
 E = Time spent auto-exploring this place.
 F = Levels seen in this place.
 G = Mean time per level.
                   A        B        C        D        E       F      G
               +--------+--------+--------+--------+--------+-----+--------+
         Total |  96908 |  87549 |   9359 |  14035 |  61858 |  53 | 1828.5 |
       Dungeon |  20789 |  17679 |   3110 |    446 |  15165 |  15 | 1385.9 |
        Temple |     37 |     37 |      0 |      0 |      0 |   1 |   37.0 |
          Lair |  10273 |   9125 |   1148 |    747 |   6984 |   5 | 2054.6 |
         Swamp |   6922 |   6634 |    288 |   1800 |   4150 |   4 | 1730.5 |
   Spider Nest |   7273 |   6930 |    343 |   1417 |   4755 |   4 | 1818.2 |
  Orcish Mines |   2403 |   2026 |    377 |    514 |   1203 |   2 | 1201.5 |
   Elven Halls |   8097 |   7709 |    388 |   2864 |   3870 |   3 | 2699.0 |
        Vaults |  13978 |  12307 |   1671 |   1163 |   9667 |   5 | 2795.6 |
         Crypt |   3714 |   3575 |    139 |     34 |   2937 |   3 | 1238.0 |
        Depths |   9637 |   8160 |   1477 |   1003 |   5757 |   4 | 2409.2 |
           Zot |  10019 |   9605 |    414 |   2868 |   5597 |   5 | 2003.8 |
       Ossuary |   1199 |   1199 |      0 |    308 |    674 |   1 | 1199.0 |
      Ice Cave |   2562 |   2562 |      0 |    871 |   1098 |   1 | 2562.0 |
               +--------+--------+--------+--------+--------+-----+--------+

Top non-repeatable levels by time:
   Elf:3: 4214 daAuts
Vaults:4: 4158 daAuts
   Zot:5: 3246 daAuts
Depths:3: 3057 daAuts
Vaults:2: 2665 daAuts
Vaults:1: 2639 daAuts
   IceCv: 2562 daAuts
Vaults:5: 2476 daAuts
 Swamp:2: 2439 daAuts
  Lair:2: 2373 daAuts
Depths:2: 2361 daAuts
    D:11: 2344 daAuts
 Swamp:4: 2337 daAuts
   Elf:1: 2289 daAuts
  Lair:1: 2214 daAuts

Table legend:
 A = Kills in this place as a percentage of kills in the entire game.
 B = Kills by you in this place as a percentage of kills by you in the entire game.
 C = Kills by friends in this place as a percentage of kills by friends in the entire game.
 D = Other kills in this place as a percentage of other kills in the entire game.
 E = Experience gained in this place as a percentage of experience gained in the entire game.
 F = Experience gained in this place divided by the number of levels of this place that you have seen.
                   A       B       C       D       E      F
               +-------+-------+-------+-------+-------+----------------------
         Total | 100.0 | 100.0 | 100.0 | 100.0 | 100.0 | 29002.9
       Dungeon |  14.3 |  14.6 |   0.0 |  40.0 |   4.2 | 4277.4
          Lair |   9.0 |   9.2 |   0.0 |  20.0 |   4.8 | 14648.8
         Swamp |   6.9 |   7.1 |   0.0 |   0.0 |   6.2 | 23877.2
   Spider Nest |   8.9 |   9.1 |   0.0 |   0.0 |   5.9 | 22676.5
  Orcish Mines |   4.0 |   4.0 |   1.9 |   0.0 |   1.1 | 8750.5
   Elven Halls |   7.0 |   5.8 |  62.3 |   0.0 |   7.7 | 39399.3
        Vaults |  16.9 |  17.3 |   3.8 |   0.0 |  21.5 | 65944.8
         Crypt |   7.5 |   7.4 |  15.1 |   0.0 |   7.8 | 40138.7
        Depths |  12.9 |  13.1 |   3.8 |  20.0 |  20.1 | 77063.2
           Zot |   9.2 |   9.1 |  13.2 |  20.0 |  20.4 | 62770.8
       Ossuary |   1.2 |   1.3 |   0.0 |   0.0 |   0.0 | 670.0
      Ice Cave |   2.2 |   2.2 |   0.0 |   0.0 |   0.3 | 4918.0
               +-------+-------+-------+-------+-------+----------------------
